 Dungeon Crawl Stone Soup version 0.29-a0-555-g3b24f45cc1 (webtiles) character file.

Game seed: 10201564091330015726

1751 oldriver the Grave Robber (level 9, -19/75 HPs)
             Began as a Ghoul Necromancer on June 7, 2022.
             Was a Priest of Jiyva.
             Demolished by a gargoyle
             ... wielding a +2 morningstar of freezing
              (25 damage)
             ... on level 7 of the Dungeon on June 8, 2022.
             The game lasted 00:14:46 (7308 turns).

oldriver the Grave Robber (Ghoul Necromancer)       Turns: 7308, Time: 00:14:47

Health: -19/75     AC:  6    Str: 12    XL:     9   Next: 6%
Magic:  18/18      EV: 12    Int: 14    God:    Jiyva [***...]
Gold:   160        SH:  0    Dex:  9    Spells: 17/21 levels left

rFire   . . .      SeeInvis .   v - +5 hand axe (freeze)
rCold   + . .      Faith    .   (no shield)
rNeg    + + +      Spirit   .   a - +0 robe
rPois   ∞          Reflect  .   (no helmet)
rElec   .          Harm     .   o - scarf {repulsion}
rCorr   +          Rampage  .   g - +0 pair of gloves
Will    .....                   l - +2 pair of boots
Stlth   ++........              (no amulet)
HPRegen 1.12/turn               (no ring)
MPRegen 0.51/turn               (no ring)

@: mighty, inhibited regen, repel missiles
A: claws 1, cold resistance 1, negative energy resistance 3, inhibited
regeneration, torment resistance 2, devour on kill
a: Renounce Religion, Oozemancy


You were on level 7 of the Dungeon.
You worshipped Jiyva.
Jiyva was most pleased with you.
You visited 1 branch of the dungeon, and saw 7 of its levels.
You also visited: Sewer and Ossuary.

You collected 160 gold pieces.

Inventory:

Hand Weapons
 e - a +3 short sword
 v - a +5 hand axe of freezing (weapon)
Missiles
 j - 3 poisoned darts
Armour
 a - a +0 robe (worn)
 g - a +0 pair of gloves (worn)
 i - an orb of mayhem
 l - a +2 pair of boots (worn)
 o - a scarf of repulsion (worn)
Wands
 f - a wand of flame (2)
Scrolls
 c - 2 scrolls of teleportation
 d - 2 scrolls of identify
 q - 3 scrolls of enchant armour
 s - a scroll of fog
 t - a scroll of amnesia
Potions
 b - 2 potions of cancellation
 h - 3 potions of resistance
 m - a potion of heal wounds
 n - a potion of invisibility
 p - 2 potions of curing
 r - 3 potions of attraction
 u - a potion of flight


   Skills:
 + Level 6.0 Fighting
 - Level 1.7 Dodging
 - Level 2.1 Stealth
 * Level 6.9 Spellcasting
 + Level 6.9 Necromancy


You had 17 spell levels left.
You knew the following spells:

 Your Spells              Type           Power      Damage    Failure   Level
a - Necrotize             Necr           96%        1d8       1%          1
b - Vampiric Draining     Necr           24%        2d7       2%          3

Your spell library contained the following spells:

 Spells                   Type           Power      Damage    Failure   Level
 Animate Dead             Necr           24%        N/A       9%          4
 Agony                    Necr           24%        N/A       22%         5
 Gell's Gravitas          Tloc           4%         N/A       41%         3
 Lesser Beckoning         Tloc           4%         N/A       41%         3
 Teleport Other           Tloc           4%         N/A       41%         3


Dungeon Overview and Level Annotations

Branches:
Dungeon (7/15)             Temple (0/1) D:5           Sewer (visited)
Ossuary (visited)

Altars:
Dithmenos
Gozag
Hepliaklqana
Nemelex Xobeh
Qazlal
Trog
Vehumet
The Shining One

Shops:
D:2 (   D:6 *


Innate Abilities, Weirdness & Mutations

You are immune to poison.
You have sharp fingernails.
Your flesh is cold resistant. (rC+)
You are immune to negative energy. (rN+++)
You do not regenerate when monsters are visible.
You are immune to unholy pain and torment.
You thrive by killing the living.


Message History

The stone arrow hits you!!
You slash the gargoyle! You freeze the gargoyle.
The gargoyle is moderately damaged.
The gargoyle closely misses you.
You closely miss the gargoyle.
The gargoyle is moderately damaged.
The gargoyle hits you with a +2 morningstar of freezing!
The gargoyle freezes you.
You hit the gargoyle but do no damage.
The gargoyle is moderately damaged.
The gargoyle barely misses you.
You slash the gargoyle! You freeze the gargoyle.
The gargoyle is severely damaged.
The gargoyle closely misses you. The gargoyle barely misses you.
You hit the gargoyle but do no damage.
The gargoyle is severely damaged.
The gargoyle hurls a stone arrow at you.
The stone arrow misses you.
You barely miss the gargoyle.
The gargoyle is severely damaged.
The gargoyle misses you.
You hit the gargoyle but do no damage.
The gargoyle is severely damaged.
The gargoyle hurls a stone arrow at you.
The stone arrow hits you! The gargoyle completely misses you.
You hit the gargoyle but do no damage.
The gargoyle is severely damaged.
The gargoyle hits you with a +2 morningstar of freezing!!
The gargoyle freezes you.
* * * LOW HITPOINT WARNING * * *
You hit the gargoyle but do no damage.
The gargoyle is severely damaged.
The gargoyle hits you with a +2 morningstar of freezing!!
* * * LOW HITPOINT WARNING * * *
The gargoyle freezes you.
* * * LOW HITPOINT WARNING * * *
You hit the gargoyle. You freeze the gargoyle.
The gargoyle is almost destroyed.
The gargoyle hits you with a +2 morningstar of freezing!!
You die...

#....# ##........#.
#....###..........##
##..##......####...
.............###
.....##.#....##.
.#..###.##...#..
##.........###.
.....#....#!.9## ##.##
...#.##....####@#......
...###
#................ ...
###..............
#...............
.....#............
#....##............
#...........###.##.
##.........## .#
#...####### .


You could see a gargoyle.

Vanquished Creatures
  A wraith (Ossuary)
  Menkaure (D:4)
  2 water moccasins
  A black bear (D:3)
  An ice beast (D:6)
  A centaur (D:6)
  A bullfrog (D:6)
  3 scorpions
  5 hounds
  2 jellies (Sewer)
  A gnoll shaman (D:6)
  2 iguanas
  3 orc wizards
  A mummy (Ossuary)
  5 gnolls
  5 adders
  4 river rats
  A shadow imp (D:7)
  A white imp (D:6)
  An ufetubus (D:5)
  2 worms
  2 dart slugs
  15 orcs
  12 ball pythons
  10 endoplasms
  2 giant cockroaches
  8 hobgoblins
  4 jackals (D:2)
  13 kobolds
  2 quokkas
  3 bats
  7 frilled lizards
  5 gnoll skeletons (Ossuary)
  10 goblins
  11 kobold skeletons (Ossuary)
  8 orc skeletons (Ossuary)
  A quokka zombie (D:6)
  5 rats
162 creatures vanquished.

Vanquished Creatures (collateral kills)
  An ogre (D:5)
  An orc (D:6)
  2 endoplasms
  A ball python (D:3)
  A kobold (D:3)
  3 rats
9 creatures vanquished.

Vanquished Creatures (others)
  2 black bears
  An ogre (D:4)
  A kobold brigand (D:6)
  A necrophage (D:6)
  A wight (D:7)
  A howler monkey (D:6)
  9 jellies
  A hound (D:5)
  2 iguanas
  3 orc wizards
  An adder (D:6)
  13 orcs
  A ball python (D:4)
  A goblin zombie (D:6)
  4 kobolds (D:6)
42 creatures vanquished.

Grand Total: 213 creatures vanquished

Notes
Turn   | Place    | Note
-------+----------+-------------------------------------------
     0 | D:1      | oldriver the Ghoul Necromancer began the quest for the Orb.
     0 | D:1      | Reached XP level 1. HP: 14/14 MP: 2/2
   217 | D:1      | Reached XP level 2. HP: 22/22 MP: 0/4
   517 | D:1      | Reached skill level 1 in Fighting
   647 | D:1      | Reached XP level 3. HP: 27/28 MP: 1/5
   808 | D:1      | Found a faded altar of an unknown god.
  1166 | D:2      | Reached XP level 4. HP: 35/35 MP: 4/7
  1668 | D:2      | Found Ulowyacu's Weapon Boutique.
  2123 | D:2      | Learned a level 3 spell: Vampiric Draining
  2659 | D:3      | Reached XP level 5. HP: 5/41 MP: 1/8
  3162 | D:3      | Found a sparkling altar of Nemelex Xobeh.
  3451 | D:3      | Noticed a black bear
  3469 | D:3      | Killed a black bear
  3470 | D:3      | Reached XP level 6. HP: 26/50 MP: 1/10
  3742 | D:4      | Reached skill level 5 in Necromancy
  3795 | D:4      | Found a radiant altar of Vehumet.
  4028 | D:4      | Found a glowing drain.
  4051 | Sewer    | Entered a sewer
  4400 | Sewer    | Reached XP level 7. HP: 30/57 MP: 2/12
  4541 | Sewer    | Found a viscous altar of Jiyva.
  4607 | Sewer    | Became a worshipper of Jiyva Jucesh the Shapeless
  4785 | D:4      | Noticed Menkaure
  4822 | D:4      | Killed Menkaure
  4823 | D:4      | Reached skill level 5 in Spellcasting
  5142 | D:4      | Found a bloodstained altar of Trog.
  5364 | D:5      | Entered Level 5 of the Dungeon
  5568 | D:5      | Found a staircase to the Ecumenical Temple.
  5673 | D:5      | Reached XP level 8. HP: 67/67 MP: 11/15
  5742 | D:5      | Reached * piety under Jiyva
  5818 | D:5      | Found a stormy altar of Qazlal.
  6158 | D:6      | Reached ** piety under Jiyva
  6162 | D:6      | Found Gozag's Platinum Reserve.
  6165 | D:6      | Found an opulent altar of Gozag.
  6294 | D:6      | Reached skill level 5 in Fighting
  6481 | D:6      | Found a sand-covered staircase.
  6488 | Ossuary  | Entered an ossuary
  6488 | Ossuary  | Noticed a wraith
  6488 | Ossuary  | Noticed a wraith
  6488 | Ossuary  | Noticed a wraith
  6573 | Ossuary  | Noticed a wraith
  6644 | Ossuary  | Killed a wraith
  6669 | Ossuary  | Reached *** piety under Jiyva
  7144 | D:7      | Reached XP level 9. HP: 71/75 MP: 8/18
  7262 | D:7      | Found a shadowy altar of Dithmenos.
  7267 | D:7      | Found a hazy altar of Hepliaklqana.
  7296 | D:7      | Noticed a gargoyle
  7308 | D:7      | Demolished by a gargoyle

Illustrated notes

Levels and vault maps discovered:
D:1:      ebering_trefoil_3fold, layout_basic,
          hellmonk_ecumenical_altar_crossroads
D:2:      layout_basic, serial_shops, nicolae_shop_bloodbath_and_beyond
D:3:      layout_basic, nemelex_spade_bored_becter, minivault_23
D:4:      layout_cave_pools, fiery_altar_vehumet, lemuel_crystal_altar,
          gup_sewer_entry_bowl, chequers_serial_rivers_room_b, uniq_menkaure
D:5:      layout_rooms, mainiacjoe_overflow_tiny_flanked,
          minmay_temple_entry_grid
D:6:      cheibrodos_thug_alley, layout_basic, mainiacjoe_overflow_boulevard,
          nicolae_gozag_zags_fifth_avenue, enter_ossuary_4
D:7:      layout_cave_pools, riverfiend_overflow_shadow_ancestor, slow_altar_2,
          tgw_xom, minmay_microvault

Skill      XL: |  1  2  3  4  5  6  7  8 |
---------------+-------------------------+-----
Spellcasting   | 2 3 4 5 6 |  6.9
Fighting       | 1 2 3 4 6 |  6.0
Necromancy     | 5 6 |  6.9
Dodging        | |  1.7
Stealth        | |  2.1

Action                   |  1- 3 |  4- 6 |  7- 9 || total
-------------------------+-------+-------+-------++-------
Melee: Unarmed           |    18 |       |       ||    18
       Short sword       |     7 |    43 |   189 ||   239
       Punch             |       |       |     3 ||     3
       Hand axe          |       |       |    11 ||    11
Throw: Dart              |       |     3 |       ||     3
 Cast: Necrotize         |    48 |   150 |   103 ||   301
       Vampiric Draining |       |     2 |    22 ||    24
Evoke: Wand              |       |     1 |     5 ||     6
  Use: Scroll            |       |     9 |    11 ||    20
       Potion            |       |     1 |     2 ||     3
Armor: Robe              |     8 |    22 |    98 ||   128
Dodge: Dodged            |    25 |    53 |   192 ||   270
       Repelled          |       |       |     1 ||     1

Table legend: (Time is in decaauts)
 A = Elapsed time spent in this place.
 B = Non-inter-level travel time spent in this place.
 C = Inter-level travel time spent in this place.
 D = Time resting spent in this place.
 E = Time spent auto-exploring this place.
 F = Levels seen in this place.
 G = Mean time per level.
                   A        B        C        D        E       F      G
               +--------+--------+--------+--------+--------+-----+--------+
         Total |   7399 |   7266 |    133 |    960 |   4548 |   9 |  822.1 |
       Dungeon |   6411 |   6278 |    133 |    883 |   4036 |   7 |  915.9 |
         Sewer |    670 |    670 |      0 |     77 |    427 |   1 |  670.0 |
       Ossuary |    317 |    317 |      0 |      0 |     84 |   1 |  317.0 |
               +--------+--------+--------+--------+--------+-----+--------+

Top non-repeatable levels by time:
     D:3: 1601 daAuts
     D:2: 1119 daAuts
     D:4: 1019 daAuts
     D:1: 1005 daAuts
     D:6: 873 daAuts
   Sewer: 670 daAuts
     D:5: 603 daAuts
 Ossuary: 317 daAuts
     D:7: 187 daAuts
